AoeStats
← 739697286

Nomad

507059346Analyzed
4v4 RM · 17d ago on Sep 16, 2026· 36m 21s· 8 players
Game mode
Random Map
Map size
231×231
Population
200
Speed
Normal
Resources
Standard
Victory
Conquest
Starting age
Dark Age
Ending age
Imperial Age
RankedLock teamsTeams togetherTeam positionsShared explorationLock speedFull tech treeHidden civsTurbo modeCheats
Victory
Defeat
🇨🇳 Burgundians · China
1625
+12
🇨🇳 Portuguese · China
1572
+14
🇨🇳 Romans · China
1569
+14
🇯🇵 Turks · Japan
1446
+21
🇫🇷 Ethiopians · France
1577
-17
🇺🇾 Khitans · Uruguay
1532
-15
🇹🇷 Britons · Türkiye
1520
-15
🇨🇳 Italians · China
1507
-14
B.
12:46 Feudal Age
16:24 Castle Age
15:43 Fletching
17:35 Bodkin Arrow
18:43 Double-Bit Axe
20:56 Bow Saw
21:04 Loom
23:15 Horse Collar
28:39 Scale Mail Armor
38:38 Imperial Age
FMG | Sawasha Takohida
12:37 Feudal Age
13:30 Loom
16:25 Castle Age
15:42 Forging
15:45 Domestication
16:02 Double-Bit Axe
22:04 Scale Barding Armor
26:57 Pastoralism
29:05 Wheelbarrow
28:34 Husbandry
36:14 Iron Casting
739697286
5:23 Loom
14:42 Feudal Age
15:45 Gold Mining
16:00 Fishing Lines
18:42 Castle Age
16:39 Fletching
16:50 Padded Archer Armor
16:40 Fletching
16:51 Padded Archer Armor
16:41 Fletching
20:03 Bodkin Arrow
vela
4:59 Loom
13:11 Feudal Age
17:32 Castle Age
15:53 Double-Bit Axe
16:43 Fletching
18:17 Bodkin Arrow
33:13 Horse Collar
33:41 Stone Mining
34:30 Wheelbarrow
34:10 Bow Saw
34:01 Heavy Plow
35:49 Hand Cart
36:05 Guard Tower
36:24 Gold Mining
虚弱
7:38 Loom
14:34 Feudal Age
18:22 Castle Age
17:11 Fletching
17:35 Town Watch
17:37 Double-Bit Axe
20:20 Fishing Lines
22:40 Wheelbarrow
22:51 Bodkin Arrow
26:43 Bow Saw
29:52 Gillnets
33:46 Guard Tower
33:55 Horse Collar
38:44 Imperial Age
风吹的味道
5:19 Loom
13:45 Feudal Age
17:28 Castle Age
16:06 Double-Bit Axe
17:56 Forging
21:04 Scale Barding Armor
21:15 Bloodlines
21:13 Fishing Lines
23:57 Wheelbarrow
24:15 Bow Saw
25:32 Husbandry
26:20 Horse Collar
29:46 Gillnets
30:19 Chain Barding Armor
30:37 Heavy Plow
32:00 Gold Mining
34:11 Iron Casting
acyhjujaxuzjkt
5:18 Loom
13:57 Feudal Age
14:24 Double-Bit Axe
15:47 Scale Barding Armor
16:33 Forging
20:54 Gold Mining
23:34 Horse Collar
26:28 Castle Age
28:38 Bow Saw
29:25 Wheelbarrow
33:47 Imperial Age
32:45 Coinage
34:27 Hand Cart
35:30 Conscription
35:23 Town Watch
shenxu
4:40 Loom
10:04 Double-Bit Axe
11:19 Fishing Lines
15:05 Feudal Age
16:30 Bow Saw
18:33 Castle Age
16:36 Gillnets
16:45 Gold Mining
16:53 Stone Mining
17:38 Scale Barding Armor
20:27 Two-Man Saw
23:26 Chain Barding Armor
25:14 Horse Collar
26:11 Forging
27:20 Wheelbarrow
36:56 Husbandry
Connection lost

Rejoining the realm…

Still unreachable

The connection could not be restored.

Session expired

The server has moved on; the page needs a fresh start.